 Dungeon Crawl Stone Soup version 0.30.0-17-ge0270778cf (webtiles) character file.

Game seed: 6298271527019021873

5 Persephone the Shield-Bearer (level 1, -3/14 HPs)
             Began as a Gargoyle Fighter on May 21, 2023.
             Slain by a gnoll
             ... wielding a +0 club
              (5 damage)
             ... on level 1 of the Dungeon.
             The game lasted 00:00:34 (177 turns).

Persephone the Shield-Bearer (Gargoyle Fighter)      Turns: 177, Time: 00:00:34

Health: -3/14      AC: 10    Str: 19    XL:     1   Next: 80%
Magic:  1/1        EV:  9    Int:  8    God:
Gold:   0          SH:  4    Dex:  9    Spells: 0/0 levels left

rFire   . . .        a - +0 flail
rCold   . . .        c - +0 buckler
rNeg    + . .        b - +0 scale mail
rPois   ∞            (no helmet)
rElec   +            (no cloak)
rCorr   .            (no gloves)
SInv    .            h - +0 pair of boots
Will    .....        (no amulet) Stlth
                     (no ring)
HPRegen 0.22/turn    (no ring)
MPRegen 0.07/turn

%: no passive effects
@: no status effects
A: sickness immunity, AC +2, negative energy resistance 1, electricity
resistance, torment resistance 1, petrification resistance
a: no special abilities


You were on level 1 of the Dungeon.
You visited 1 branch of the dungeon, and saw 1 of its levels.

Inventory:

Hand Weapons
 a - a +0 flail (weapon)
Armour
 b - a +0 scale mail (worn)
 c - a +0 buckler (worn)
 h - a +0 pair of boots (worn)
Scrolls
 e - a scroll of fog {unknown}
 f - a scroll of identify {unknown}
Potions
 d - a potion of might
 g - a potion of heal wounds {unknown}


   Skills:
 - Level 3.2 Fighting
 + Level 2.5 Maces & Flails
 - Level 3.2 Armour
 - Level 3.2 Shields


You couldn't memorise any spells.
You didn't know any spells.
Your spell library contained the following spells:

 Spells                   Type           Power      Damage    Failure   Level
 Gell's Gravitas          Tloc           0%         N/A       99%         3
 Teleport Other           Tloc           0%         N/A       99%         3
 Dispersal                Tloc           0%         N/A       100%        6


Dungeon Overview and Level Annotations

Branches:
Dungeon (1/15)

Altars:


Innate Abilities, Weirdness & Mutations

You are immune to sickness and miasma.
Your stone body is resilient. (AC +2)
You are immune to poison.
You resist negative energy. (rN+)
You are resistant to electric shocks. (rElec)
You are resistant to unholy torment.
You are immune to petrification.


Message History

You barely miss the gnoll.
The giant cockroach bites you but does no damage.
The gnoll hits you with a +0 club.
You are too injured to fight recklessly!
You are too injured to fight recklessly!
You are too injured to fight recklessly!
You are too injured to fight recklessly!
You are too injured to fight recklessly!
You are too injured to fight recklessly!
You are too injured to fight recklessly!
You are too injured to fight recklessly!
You are too injured to fight recklessly!
You are too injured to fight recklessly!
You are too injured to fight recklessly!
You are too injured to fight recklessly!
You are too injured to fight recklessly!
You are too injured to fight recklessly!
You are too injured to fight recklessly!
You are too injured to fight recklessly!
You barely miss the gnoll. The giant cockroach misses you.
The gnoll completely misses you. The giant cockroach barely misses you.
Unknown command.
You hit the gnoll but do no damage.
The giant cockroach bites you but does no damage.
The gnoll hits you but does no damage.
The giant cockroach bites you but does no damage.
The gnoll hits you with a +0 club.
You barely miss the gnoll.
The giant cockroach bites you but does no damage.
The gnoll barely misses you.
You sock the gnoll!
The gnoll is severely wounded.
The giant cockroach bites you but does no damage.
The gnoll hits you with a +0 club. You block the giant cockroach's attack.
You closely miss the gnoll.
The gnoll is severely wounded.
The gnoll hits you with a +0 club.
* * * LOW HITPOINT WARNING * * *
The giant cockroach barely misses you. The gnoll hits you with a +0 club.
You die...

#..........######.#####
#...........# ####.#
#...........# ##.##.###
#########...# #........
........#..†# ##..##....
........#...# #..###..##
........#...###.####....
.....>..................
......B@#######.#.......
.......g# #.#.......
#######.. ..#.......
###. ..#....... ..
..##......( .. +#
#####+.# ... #.# .## #.#
#.#


You could see a gnoll and a giant cockroach.

Vanquished Creatures
  3 ball pythons (D:1)
  An endoplasm (D:1)
  A rat (D:1)
5 creatures vanquished.

Notes
Turn   | Place    | Note
-------+----------+-------------------------------------------
     0 | D:1      | Persephone the Gargoyle Fighter began the quest for the
                  | Orb.
     0 | D:1      | Reached XP level 1. HP: 14/14 MP: 1/1
   177 | D:1      | Slain by a gnoll

Illustrated notes

Levels and vault maps discovered:
D:1:      nzn_arrival_settlement, layout_rooms,
          hellmonk_ecumenical_altar_slurped_away

Action                     || total
---------------------------++-------
  Melee: Flail             ||    21
 Armour: Scale mail        ||    11
  Dodge: Dodged            ||    11
  Block: Buckler           ||     3
